[ AOE2 MATCH · #513672937 ]
UnrankedPersians vs Portuguese
Player's team · WIN
[ REPLAY ANALYSIS · EXTRACTED FROM THE RECORDED GAME ]
Feudal
—
Castle
—
Imperial
—
| APM avg | 21.2 |
| APM peak | 51 |
| eAPM avg | 8.7 |
| Villagers / military | 19 / 0 |
Focus
⚔️ 13.6% · 🌾 86.4%
Feudal
—
Castle
—
Imperial
—
| APM avg | 67.5 |
| APM peak | 79 |
| eAPM avg | 24.7 |
| Villagers / military | 23 / 0 |
Focus
⚔️ 5.7% · 🌾 94.3%
Match map
Initial resources + every placement click. Lines = walls · curves = elevation contours. ◆ gold · ⬟ stone · ● berries · ✦ relic · ◌ wall gap
Your base
KICKcatcatgg's base
Smoothed initial terrain · ◌ = detected wall gap · hover for details
Inputs per minute
— MITOELMEJOR - - KICKcatcatgg
Build order — MITOELMEJOR
24 actions detected in the replay
| 0:02 | Build | House |
| 0:03 | Build | House |
| 0:05 | Build | House |
| 0:06 | queue | Villager (Male) |
| 0:06 | queue | Villager (Male) |
| 0:06 | queue | Villager (Male) |
| 0:06 | queue | Villager (Male) |
| 0:07 | queue | Villager (Male) |
| 0:07 | queue | Villager (Male) |
| 1:38 | queue | Villager (Male) |
| 1:38 | queue | Villager (Male) |
| 2:18 | queue | Villager (Male) |
| 2:18 | queue | Villager (Male) |
| 3:17 | queue | Villager (Male) |
| 3:17 | queue | Villager (Male) |
| 3:18 | queue | Villager (Male) |
| 3:18 | queue | Villager (Male) |
| 3:41 | queue | Villager (Male) |
| 3:41 | queue | Villager (Male) |
| 3:41 | queue | Villager (Male) |
| 4:12 | queue | Villager (Male) |
| 4:14 | Research | Loom |
| 5:24 | queue | Villager (Male) |
| 6:18 | Build | Town Center |
Build order — KICKcatcatgg
31 actions detected in the replay
| 0:00 | queue | Villager (Male) |
| 0:00 | queue | Villager (Male) |
| 0:01 | queue | Villager (Male) |
| 0:01 | queue | Villager (Male) |
| 0:01 | queue | Villager (Male) |
| 0:04 | Build | House |
| 0:07 | Build | House |
| 1:25 | queue | Villager (Male) |
| 1:25 | queue | Villager (Male) |
| 2:00 | queue | Villager (Male) |
| 2:01 | queue | Villager (Male) |
| 2:08 | Build | Lumber Camp |
| 2:20 | queue | Villager (Male) |
| 2:51 | queue | Villager (Male) |
| 2:52 | queue | Villager (Male) |
| 3:14 | Build | House |
| 3:15 | Build | House |
| 3:22 | queue | Villager (Male) |
| 3:22 | queue | Villager (Male) |
| 3:22 | queue | Villager (Male) |
| 3:56 | queue | Villager (Male) |
| 3:57 | queue | Villager (Male) |
| 3:57 | queue | Villager (Male) |
| 4:58 | queue | Villager (Male) |
| 4:58 | queue | Villager (Male) |
| 5:01 | Build | Mill |
| 5:34 | queue | Villager (Male) |
| 5:35 | queue | Villager (Male) |
| 5:35 | queue | Villager (Male) |
| 6:16 | Build | House |
| 6:18 | Build | House |
Match timeline
| 6:33 | KICKcatcatgg · resign |
[ AI ANALYSIS · 1 CREDIT ]
What really happened in this match?
Wolo.gg analyzes every decision: build order, eco, micro, common mistakes by bracket. Personalized analysis on WhatsApp or Discord in 30 seconds.
Civ guide
Persians
Perfil
Jugador #23999929